 Dungeon Crawl Stone Soup version 0.18-a0-1718-g40ea4b6 (webtiles) character file.

998 incide the Chiller (level 8, -4/52 HPs)
             Began as a Merfolk Ice Elementalist on Apr 8, 2016.
             Slain by an ice beast (13 damage)
             ... on level 5 of the Dungeon.
             The game lasted 00:52:22 (6573 turns).

incide the Chiller (Merfolk Ice Elementalist)       Turns: 6573, Time: 00:52:23

Health: -4/52      AC:  3    Str:  9    XL:     8   Next: 19%
Magic:  14/16      EV: 14    Int: 16    God:
Gold:   309        SH:  0    Dex: 14    Spells: 3 memorised, 10 levels left

rFire  . . .     SeeInvis .     a - +0 war axe (chop)
rCold  . . .     Gourm    .     s - +1 robe
rNeg   + . .     Faith    .     (no shield)
rPois  .         Spirit   .     (no helmet)
rElec  .         Dismiss  .     (no cloak)
rCorr  .         Reflect  .     (no gloves)
SustAt .         Harm     .     (no boots)
MR     .....                    (no amulet)
Stlth  ++........               (no ring)
                                l - ring of positive energy

@: not resistant to hostile enchantments, unstealthy
A: change form in water, swift swim
a: no special abilities


You were on level 5 of the Dungeon.
You were near starving.

You visited 2 branches of the dungeon, and saw 7 of its levels.
You also visited: Sewer.

You collected 309 gold pieces.

Inventory:

Hand Weapons
 a - a +0 war axe of chopping (weapon)
 h - a +0 short sword
 q - a +0 dagger of electrocution
 F - a +0 blowgun
 G - a +0 hand crossbow
 V - a +0 spear
Missiles
 e - 65 poisoned needles
 m - 6 needles of sleeping
 u - a throwing net (quivered)
 D - 2 javelins of penetration
 H - 12 bolts
Armour
 s - a +1 robe (worn)
Jewellery
 l - a ring of positive energy (left hand)
Scrolls
 f - 3 scrolls of identify
 i - 4 scrolls of immolation
 j - 4 scrolls of remove curse
 k - a scroll of recharging
 n - a scroll of enchant armour
 w - a scroll of noise {unknown}
 y - a scroll of teleportation {unknown}
 B - a scroll of fear {unknown}
 J - a scroll of fog
Potions
 d - a potion of might {unknown}
 o - 5 potions of heal wounds
 p - 3 potions of degeneration {unknown}
 r - 2 potions of lignification {unknown}
 v - 3 potions of curing {unknown}
 z - a potion of haste {unknown}
 A - 4 potions of agility {unknown}
 E - 2 potions of flight {unknown}
 I - 2 potions of brilliance {unknown}
Books
 b - a book of Frost

   Spells                             Type                      Level
   a - Freeze                         Ice                          1
   b - Throw Frost                    Conjuration/Ice              2
   c - Ozocubu's Armour               Charms/Ice                   3
   d - Throw Icicle                   Conjuration/Ice              4
   e - Summon Ice Beast               Ice/Summoning                4
Comestibles
 c - 3 bread rations
 g - 3 meat rations
 x - a fruit
 C - a royal jelly


   Skills:
 - Level 4.7 Dodging
 - Level 2.1 Stealth
 - Level 5.3 Spellcasting
 + Level 4.3 Conjurations
 - Level 5.6 Ice Magic


You had 10 spell levels left.
You knew the following spells:

 Your Spells              Type           Power        Failure   Level  Hunger
a - Freeze                Ice            ###.         1%          1    None
b - Throw Frost           Conj/Ice       ###...       3%          2    #......
c - Throw Icicle          Conj/Ice       ###.....     21%         4    ####...


Dungeon Overview and Level Annotations

Branches:
Dungeon (6/15)             Temple (1/1) D:4

Altars:
Ashenzari
Cheibriados
Dithmenos
Elyvilon
Fedhas
Gozag
Kikubaaqudgha
Makhleb
Okawaru
Pakellas
Qazlal
Ru
Sif Muna
Trog
Xom
Yredelemnul
Zin
The Shining One


Message History

The ice beast hits you. The ice beast freezes you!
You hit the ice beast but do no damage.
The ice beast is moderately wounded.
The ice beast hits you. The ice beast freezes you!
* * * LOW HITPOINT WARNING * * *
Drink which item? (? for menu, Esc to quit)
You feel much better. The ice beast hits you. The ice beast freezes you.
Wield which item (- for none, * to show all)? (? for menu, Esc to quit)
a - a +0 war axe of chopping (weapon)
You hit the ice beast.
The ice beast is heavily wounded.
The ice beast barely misses you. The ice beast hits you.
The ice beast freezes you!
* * * LOW HITPOINT WARNING * * *
You closely miss the ice beast.
The ice beast is heavily wounded.
The ice beast hits you.
* * * LOW HITPOINT WARNING * * *
The ice beast freezes you!
You die...

....#
###.#........#
#####
#...#.######.#
########.###.#
#.#
#............#
#.#
#.######.###.#
#.# #.# #.# #.#
#.# #.## #.# #.#
#.# #..## #.#
#.######.# #...#
#.# #..@Y....#
##.## #.#
########.# #.#
#.# #.##
####.#####.######
#..#
................#
#..#
.##############.#
#..# .# #.# #..#
.# #.# #..# .#
#.# #..#


You could see an ice beast.

Vanquished Creatures
  A phantom (Temple)
  A centaur (D:5)
  2 big kobolds (Sewer)
  A scorpion (D:4)
  3 crimson imps
  A centaur zombie (D:5)
  A jelly (D:5)
  An orc wizard (D:5)
  An orc priest (D:5)
  A hound (D:4)
  Jessica (D:2)
  A hound zombie (D:4)
  A hound skeleton (D:4)
  6 gnolls
  10 adders
  6 river rats (Sewer)
  2 worms
  3 dart slugs
  4 giant geckos
  7 orcs
  5 giant cockroaches
  6 goblins
  12 hobgoblins
  6 jackals (D:3)
  3 quokkas
  8 ball pythons
  9 bats
  2 giant newts
  20 kobolds
  33 rats
158 creatures vanquished.

Notes
Turn   | Place    | Note
--------------------------------------------------------------
     0 | D:1      | incide the Merfolk Ice Elementalist began the quest for the Orb.
     0 | D:1      | Reached XP level 1. HP: 13/13 MP: 3/3
   176 | D:1      | Reached XP level 2. HP: 14/19 MP: 0/5
   255 | D:1      | Learned a level 2 spell: Throw Frost
   594 | D:1      | Reached XP level 3. HP: 23/24 MP: 2/7
   778 | D:2      | Reached skill level 1 in Conjurations
   979 | D:2      | Reached XP level 4. HP: 29/30 MP: 1/8
  1309 | D:2      | Noticed Jessica
  1321 | D:2      | Killed Jessica
  1379 | D:2      | Reached XP level 5. HP: 34/35 MP: 4/9
  2516 | D:3      | Reached skill level 5 in Ice Magic
  2516 | D:3      | Reached XP level 6. HP: 41/41 MP: 3/10
  2738 | D:4      | Found a shadowy altar of Dithmenos.
  2739 | D:4      | Found a white marble altar of Elyvilon.
  2743 | D:4      | Found a glowing golden altar of the Shining One.
  2983 | D:4      | Learned a level 4 spell: Throw Icicle
  3228 | D:4      | Found a staircase to the Ecumenical Temple.
  3267 | D:4      | Noticed a phantom
  3289 | Temple   | Entered the Ecumenical Temple
  3781 | Temple   | Killed a phantom
  3781 | Temple   | Reached XP level 7. HP: 17/46 MP: 7/11
  4293 | D:5      | Entered Level 5 of the Dungeon
  4572 | D:5      | Found a glowing drain.
  4580 | Sewer    | Entered a sewer
  5196 | Sewer    | Reached skill level 5 in Spellcasting
  5611 | Sewer    | Reached XP level 8. HP: 51/52 MP: 13/16
  5963 | D:5      | Found a burning altar of Makhleb.
  6573 | D:5      | Slain by an ice beast

Vault maps used:
D:1:      onia_arrival_handbag
D:2:      first_bread, minmay_misc_feat_square, minmay_bad_closet,
          grunt_ministairs_12, serial_bayou_pond_d, minmay_misc_feat_diagonals,
          uniq_jessica
D:4:      minitemple, minmay_temple_entry_overgrown
D:5:      lemuel_doored_altar, portal_sewer_entry_b, kennysheep_generic_room_10
D:6:      nemelex_deck, serial_shops, kennysheep_mini,
          kennysheep_generic_room_14, uniq_edmund
Temple:   water_room_temple_a_12
Sewer:    sewer_minmay_treatment

Skill      XL: |  1  2  3  4  5  6  7  8 |
---------------+-------------------------+-----
Spellcasting   | 3 5 |  5.3
Conjurations   | 1 2 3 4 |  4.3
Ice Magic      | 5 |  5.6
Dodging        | 3 4 |  4.7
Stealth        | |  2.1

Action                   |  1- 3 |  4- 6 |  7- 9 || total
-------------------------+-------+-------+-------++-------
Melee: Unarmed           |     6 |       |       ||     6
       Short sword       |     9 |    16 |       ||    25
       Dagger            |       |    46 |     2 ||    48
       War axe           |       |    34 |     2 ||    36
       Spear             |       |       |   161 ||   161
 Cast: Freeze            |    52 |    55 |    44 ||   151
       Throw Frost       |     1 |    30 |    44 ||    75
       Throw Icicle      |       |     2 |     4 ||     6
  Use: Potion            |       |     3 |     2 ||     5
       Scroll            |       |     6 |       ||     6
 Stab: Sleeping          |     3 |     8 |     3 ||    14
  Eat: Chunk             |       |    10 |     7 ||    17
       Beef jerky        |       |     1 |       ||     1
       Fruit             |       |       |     3 ||     3
